 Dungeon Crawl Stone Soup version 0.29-a0-371-g91724d5b39 (webtiles) character file.

Game seed: 1024936647206859830

37 spaghetti the Thaumaturge (level 3, -11/28 HPs)
             Began as a Gnoll Wanderer on May 2, 2022.
             Mangled by a gnoll
             ... wielding a +3 flail
              (12 damage)
             ... on level 2 of the Dungeon.
             The game lasted 00:02:33 (1412 turns).

spaghetti the Thaumaturge (Gnoll Wanderer)          Turns: 1412, Time: 00:02:34

Health: -11/28     AC:  3    Str:  8    XL:     3   Next: 41%
Magic:  10/15      EV: 11    Int: 13    God:
Gold:   96         SH:  0    Dex: 14    Spells: 19/24 levels left

rFire   . . .      SeeInvis .   a - +0 short sword {short}
rCold   + . .      Faith    .   (no shield)
rNeg    . . .      Spirit   .   d - +0 robe
rPois   +          Reflect  .   (no helmet)
rElec   .          Harm     .   (no cloak)
rCorr   .          Rampage  .   (no gloves)
Will    .....                   b - +0 pair of boots
Stlth   +++.......              (no amulet)
HPRegen 0.09/turn               j - ring of poison resistance
MPRegen 0.14/turn               (no ring)

@: no status effects
A: fangs 1, strong nose, distributed training, cold resistance 1, wild magic 1
a: no special abilities


You were on level 2 of the Dungeon.
You visited 1 branch of the dungeon, and saw 2 of its levels.

You collected 96 gold pieces.


Innate Abilities, Weirdness & Mutations

You have very sharp teeth.
Your uncanny sense of smell can sniff out nearby items.
Your experience applies equally to all skills.
Your flesh is cold resistant. (rC+)
Your spells are a little harder to cast, but a little more powerful.


   Skills:
 + Level 2.6 Fighting
 + Level 2.6 Short Blades
 + Level 0.8 Long Blades
 + Level 0.8 Axes
 + Level 0.8 Maces & Flails
 + Level 0.8 Polearms
 + Level 0.8 Staves
 + Level 0.8 Slings
 + Level 0.8 Bows
 + Level 0.8 Crossbows
 + Level 0.8 Throwing
 + Level 0.8 Armour
 + Level 0.8 Dodging
 + Level 4.1 Stealth
 + Level 0.8 Shields
 + Level 0.8 Unarmed Combat
 + Level 11.3 Spellcasting
 + Level 0.5 Conjurations
 + Level 0.5 Hexes
 + Level 0.5 Summonings
 + Level 0.5 Necromancy
 + Level 0.5 Translocations
 + Level 0.5 Transmutations
 + Level 0.5 Fire Magic
 + Level 0.5 Ice Magic
 + Level 0.5 Air Magic
 + Level 0.5 Earth Magic
 + Level 0.5 Poison Magic
 + Level 1.0 Invocations
 + Level 0.8 Evocations


You had 19 spell levels left.
You knew the following spells:

 Your Spells              Type           Power      Damage    Failure   Level
a - Magic Dart            Conj           44%        1d5       12%         1
b - Blink                 Tloc           22%        N/A       17%         2
c - Passwall              Tmut/Erth      9%         N/A       17%         2

Your spell library contained the following spells:

 Spells                   Type           Power      Damage    Failure   Level
 Sting                    Tmut/Pois      44%        1d5       12%         1

Inventory:

Hand Weapons
 a - a +0 short sword (weapon) {short}
Missiles
 h - 78 stones {throwing}
 k - 4 poisoned darts {throwing}
 q - 4 boomerangs {throwing}
Armour
 b - a +0 pair of boots (worn)
 d - a +0 robe (worn)
Magical Staves
 r - a staff of earth {!astaff}
   (You found it on level 2 of the Dungeon)
Jewellery
 j - a ring of poison resistance (left hand)
   (You found it on level 1 of the Dungeon)
Scrolls
 c - a scroll of fog
 g - 2 scrolls of identify {unknown}
 i - 2 scrolls of blinking {unknown}
 l - a scroll of fear {unknown}
 n - a scroll of teleportation {unknown}
 p - a scroll of enchant armour {unknown}
Potions
 f - 3 potions of haste {unknown}
 m - 2 potions of flight {unknown}
 o - a potion of heal wounds {unknown}

Dungeon Overview and Level Annotations

Branches:
Dungeon (2/15)

Altars:

#?. #.# #.# ∆ #.#
#.# ##.# ##g#....#.
#........#
#g#####.#. #.#####@#
#.......# #######.#
# ##########.#####.#
#................#
###.#.#.#####.....##
...........##.###.#
.# .##.#.#.##....#
.#
....#.#.....#####.#
#


You could see 2 gnolls.


Message History

i - 2 scrolls labelled ZIBBUR UCA EKO (gained 1)
r - a staff of earth {!astaff} 😎 MP[+1]
Your mp is fully restored (15).
A hobgoblin comes into view.
The magic dart hits the hobgoblin. 😎 MP[-1]
You lost 1 mp, and now have 14/15 mp.
The magic dart hits the hobgoblin.
The magic dart hits the hobgoblin.
You kill the hobgoblin!
Your Invocations skill increases to level 1!
No target in view! 😎 MP[-2]
You lost 2 mp, and now have 12/15 mp.
No target in view!
No target in view!
No target in view!
No target in view!
No target in view!
No target in view!
No target in view!
No target in view!
No target in view!
No target in view!
No target in view!
No target in view!
A gnoll comes into view. It is wielding a +3 flail.
The gnoll shouts!
You hear a shout! x2
A gnoll comes into view. It is wielding a +0 spear.
You hear a bark! x2 😎 MP[+3]
Your mp is fully restored (15).
There are monsters nearby!
There are monsters nearby!
There are monsters nearby!
The magic dart hits the gnoll. 😎 MP[-1]
You lost 1 mp, and now have 14/15 mp.
You miscast Magic Dart.
You are very lightly contaminated with residual magic.
Nothing appears to happen. 😎 MP[-1]
You lost 1 mp, and now have 13/15 mp.
The magic dart hits the gnoll. 😎 MP[-1]
You lost 1 mp, and now have 12/15 mp.
The magic dart hits the gnoll but does no damage. 😎 MP[-1]
You lost 1 mp, and now have 11/15 mp.
The magic dart hits the gnoll. 😎 MP[-1]
You lost 1 mp, and now have 10/15 mp.
You hit the gnoll but do no damage. The gnoll hits you with a +3 flail.
You are too injured to fight recklessly! 😕 HP[-3]
You take 3 damage, and now have 25/28 hp.
You are too injured to fight recklessly!
You are too injured to fight recklessly!
You are too injured to fight recklessly!
You are too injured to fight recklessly!
You are too injured to fight recklessly!
You are too injured to fight recklessly!
You are too injured to fight recklessly!
You are too injured to fight recklessly!
You are too injured to fight recklessly!
You are too injured to fight recklessly!
You are too injured to fight recklessly!
You are too injured to fight recklessly!
You are too injured to fight recklessly!
You are too injured to fight recklessly!
You are too injured to fight recklessly!
Unknown command.
Casting: Magic Dart (safe; 8% risk of failure)
Confirm with . or Enter, or press ? or * to list all spells.
Aiming: Magic Dart (safe; 8% risk of failure)
Press: ? - help, Shift-Dir - straight line, f/p - gnoll
Aim: a gnoll, wielding a +3 flail (moderately wounded, 100% to hit)
The magic dart hits the gnoll.
The gnoll misses you.
The gnoll hits you from afar with a +0 spear! 😮 HP[-9]
You take 9 damage, and now have 16/28 hp.
MASSIVE DAMAGE!! (PAUSE)
Your magical contamination has completely faded away.
The gnoll attacks as you move away! The gnoll hits you with a +3 flail.
* * * LOW HITPOINT WARNING * * *
😨 HP[-6]
You take 6 damage, and now have 10/28 hp.
MASSIVE DAMAGE!! (PAUSE)
The gnoll attacks as you move away! The gnoll hits you with a +3 flail!
* * * LOW HITPOINT WARNING * * *
😱 HP[-9]
You take 9 damage, and now have 1/28 hp.
MASSIVE DAMAGE!! (PAUSE)
Okay, then.
It was a potion of mutation.
You feel extremely strange.
You feel resistant to cold.
You feel agile.
You feel clumsy.
You feel less in control of your magic. The gnoll hits you with a +3 flail!
You die...

Skill      XL: |  1  2  3 |
---------------+----------+-----
Spellcasting   | | 11.3
Invocations    | 1 |  1.0
Fighting       | |  2.6
Short Blades   | |  2.6
Long Blades    | |  0.8
Axes           | |  0.8
Maces & Flails | |  0.8
Polearms       | |  0.8
Staves         | |  0.8
Slings         | |  0.8
Bows           | |  0.8
Crossbows      | |  0.8
Throwing       | |  0.8
Armour         | |  0.8
Dodging        | |  0.8
Stealth        | |  4.1
Shields        | |  0.8
Unarmed Combat | |  0.8
Conjurations   | |  0.5
Hexes          | |  0.5
Summonings     | |  0.5
Necromancy     | |  0.5
Translocations | |  0.5
Transmutations | |  0.5
Fire Magic     | |  0.5
Ice Magic      | |  0.5
Air Magic      | |  0.5
Earth Magic    | |  0.5
Poison Magic   | |  0.5
Evocations     | |  0.8

Action                   || total
-------------------------++-------
Melee: Short sword       ||    15
       Bite              ||     3
 Cast: Magic Dart        ||    67
  Use: Potion            ||     1
Armor: Robe              ||     7
Dodge: Dodged            ||    15

Levels and vault maps discovered:
D:1:      nzn_arrival_depleted_hourglass, layout_loops_ring,
          minmay_misc_feat_nine_boxes
D:2:      layout_loops_ring

Notes
Turn   | Place    | Note
-------+----------+-------------------------------------------
     0 | D:1      | Reached skill level 11 in Spellcasting
     0 | D:1      | spaghetti the Gnoll Wanderer began the quest for the Orb.
     0 | D:1      | spaghetti set off with the following items: a +0 short
                  | sword {short}, a +0 pair of boots, a scroll of fog, a +0
                  | robe; and the following spells available to memorise: Magic
                  | Dart, Sting, Blink, Passwall
     0 | D:1      | Reached XP level 1. HP: 17/17 MP: 12/12
     0 | D:1      | magus.rc [v1.9.6]
    61 | D:1      | Learned a level 1 spell: Magic Dart
   348 | D:1      | Reached XP level 2. HP: 18/23 MP: 8/14
  1136 | D:2      | Learned a level 2 spell: Blink
  1139 | D:2      | Learned a level 2 spell: Passwall
  1205 | D:2      | Reached XP level 3. HP: 28/28 MP: 12/15
  1377 | D:2      | Reached skill level 1 in Invocations
  1411 | D:2      | HP: 1/28 [gnoll/+3 flail (9)]
  1412 | D:2      | Gained mutation: Your flesh is cold resistant. (rC+)
                  | [potion of mutation]
  1412 | D:2      | Gained mutation: You are agile. (Dex +2) [potion of
                  | mutation]
  1412 | D:2      | Lost mutation: You are agile. (Dex +2) [potion of mutation]
  1412 | D:2      | Gained mutation: Your spells are a little harder to cast,
                  | but a little more powerful. [potion of mutation]
  1412 | D:2      | Mangled by a gnoll

Vanquished Creatures
  An adder (D:2)
  A dart slug (D:1)
  3 ball pythons
  2 endoplasms
  A giant cockroach (D:1)
  3 goblins (D:1)
  3 hobgoblins
  4 quokkas
  A bat (D:1)
  3 kobolds
22 creatures vanquished.

Table legend:
 A = Non-vault XP
 B = Vault XP
 C = Vault XP percentage of total XP
 D = Non-vault monster count
 E = Vault monster count
 F = Vault count percentage of total count
                 A         B        C        D         E       F
            +---------+---------+-------+---------+---------+-------
      Total |      54 |       0 |   0.0 |      22 |       0 |   0.0
            +---------+---------+-------+---------+---------+-------
        D:1 |      29 |       0 |   0.0 |      15 |       0 |   0.0
        D:2 |      25 |       0 |   0.0 |       7 |       0 |   0.0
            +---------+---------+-------+---------+---------+-------

Illustrated notes

Table legend:
 A = Kills in this place as a percentage of kills in entire the game.
 B = Kills by you in this place as a percentage of kills by you in the entire game.
 C = Kills by friends in this place as a percentage of kills by friends in the entire game.
 D = Other kills in this place as a percentage of other kills in the entire game.
 E = Experience gained in this place as a percentage of experience gained in the entire game.
 F = Experience gained in this place divided by the number of levels of this place that you have seen.
                   A       B       C       D       E      F
               +-------+-------+-------+-------+-------+----------------------
         Total | 100.0 | 100.0 |   N/A |   N/A | 100.0 |  27.0
       Dungeon | 100.0 | 100.0 |   N/A |   N/A | 100.0 |  27.0
               +-------+-------+-------+-------+-------+----------------------

Table legend: (Time is in decaauts)
 A = Elapsed time spent in this place.
 B = Non-inter-level travel time spent in this place.
 C = Inter-level travel time spent in this place.
 D = Time resting spent in this place.
 E = Time spent auto-exploring this place.
 F = Levels seen in this place.
 G = Mean time per level.
                   A        B        C        D        E       F      G
               +--------+--------+--------+--------+--------+-----+--------+
         Total |   1410 |   1395 |     15 |    128 |   1103 |   2 |  705.0 |
       Dungeon |   1410 |   1395 |     15 |    128 |   1103 |   2 |  705.0 |
               +--------+--------+--------+--------+--------+-----+--------+

Top non-repeatable levels by time:
     D:1: 1121 daAuts
     D:2: 289 daAuts
